[Event "Silves Open 2025"]
[Site "Fissul"]
[Date "2025.03.03"]
[Round "2.6"]
[White "Lux, Hugo de Melo"]
[Black "Finkler, Kai Andreas"]
[Result "1-0"]
[Annotator "TA"]
[ECO "B03"]
[WhiteElo "2329"]
[BlackElo "1990"]
[PlyCount "77"]
[EventDate "2025.03.03"]
[EventType "swiss"]
[EventCountry "POR"]
[SourceTitle "playchess.com"]
[Source "ChessBase"]
[SourceQuality "1"]
[TimeControl "5400+30"]

1. e4 Nf6 2. e5 Nd5 3. d4 d6 4. c4 Nb6 5. exd6 exd6 6. Nc3 Be7 7. Nf3 O-O 8. h3 Bf5 {[%emt 0:01:40] 8...Nc6 is the hot move.} 9. Be2 Re8 {[%emt 0:01:16] B03: Alekhine's Defence: Four Pawns Attack.} 10. O-O Nc6 11. g4 $146 (11. Be3 Bf6 12. Rc1 d5 13. b3 Qd7 14. c5 Nc8 15. Bf4 N8e7 16. b4 a6 17. b5 axb5 18. Bxb5 {0-1 Veiga,J (2378)-Hnydiuk,A (2376) Titled Tuesday intern op 23rd Aug Late blitz 2022 (7)}) 11... Bg6 {[%emt 0:00:41] The position is equal.} 12. d5 Nb8 13. Nd4 Bf6 14. Be3 N8d7 ({Black should try} 14... c5 $15 15. dxc6 Nxc6) 15. Qd2 $11 Nc5 16. Rfe1 Ne4 17. Nxe4 Bxe4 18. g5 Be5 19. f4 Bxd4 20. Bxd4 Qd7 21. Kh2 Bf5 (21... c6 $14) 22. Bf1 (22. b3 $16) 22... Rxe1 23. Rxe1 Re8 {[%emt 0:00:30] Prevents Qe3.} 24. b3 Nc8 25. Bb2 {[%cal Od2d4] White has space advantage and is better White is more active.} Rxe1 26. Qxe1 {Qc3 is the strong threat.} Qe7 27. Qc3 {[%csl Gb2][%cal Rc3g7] [#]} Qf8 28. h4 Ne7 29. h5 (29. Be2 {simplifies} b6 30. h5 f6 31. gxf6 Qxf6 32. Qxf6 gxf6 33. Bxf6 Kf7 34. Bc3) 29... Bb1 (29... f6 $16) 30. h6 $1 $18 Nf5 (30... Ng6 {keeps fighting.}) 31. Qe1 Bxa2 32. Bd3 Qe7 33. Qc3 (33. Qd2 $18 g6 34. Qc3) 33... Qe3 $1 $11 {[%emt 0:00:30] ( -> ...Qf2+)} 34. Bxf5 $40 {[%csl Gb2,Gh6][%cal Rc3g7][%mdl 128] White has some attack. A strong pair of Bishops.} Qxf4+ 35. Qg3 (35. Kh1 $5 Qf1+ $8 36. Kh2 Qf2+ 37. Kh1 Qf1+ $11) 35... Qxf5 36. Qe3 (36. Bxg7 Bb1 37. Qe3 Qe4 38. Qxe4 Bxe4 $16) 36... Qc2+ $2 {[%emt 0:00:30][%mdl 8192] [#]} (36... Qd7 $11) 37. Kg3 {[%cal Re3e8] White mates.} Qxb3 38. Bc3 Qa4 39. Qe7 {Weighted Error Value: White=0.19 (very precise) /Black=0.28 (precise)   Loses game:     	---       	Black=1      Missed win:     	White=1     	---        Mistake:       	White=1     	Black=4      Inaccurate:     	White=3     	Black=1      OK:         	White=9     	Black=9      Best:        	White=2     	Black=2      Strong:       	White=1     	Black=1} 1-0

[Event "Silves Open 2025"]
[Site "Fissul"]
[Date "2025.03.03"]
[Round "2.8"]
[White "Goncalves, Diogo Figueiredo"]
[Black "Hopman, Pieter"]
[Result "0-1"]
[Annotator "TA"]
[ECO "B07"]
[WhiteElo "1985"]
[BlackElo "2312"]
[PlyCount "110"]
[EventDate "2025.03.03"]
[EventType "swiss"]
[EventCountry "POR"]
[SourceTitle "playchess.com"]
[Source "ChessBase"]
[SourceQuality "1"]
[TimeControl "5400+30"]

1. e4 d6 2. d4 Nf6 3. Nc3 e5 4. dxe5 dxe5 5. Qxd8+ Kxd8 6. Bc4 Ke8 $1 {[%emt 0:00:07][%mdl 4] is recently more successful than 6...Be6. B07: Pirc Defence: Miscellaneous Systems.} 7. f4 Bb4 8. Bd3 Nbd7 {[%emt 0:05:13] White is slightly better.} 9. Nf3 Bd6 (9... exf4 $14 10. Bxf4 Nc5) 10. g3 $146 (10. Nb5 $16) (10. Bd2 c6 11. g3 h6 12. O-O-O Ke7 13. h3 Re8 14. Rde1 b5 15. g4 Kd8 16. f5 {½-½ Sirosh,I (2386)-Kiik,K (2369) EST-ch Tallinn 2022 (5)}) 10... c6 $11 11. Be3 Ng4 12. Bd2 h6 13. h3 Ngf6 14. O-O-O Ke7 15. Ne2 ({White should try} 15. Be3 $14) 15... Re8 $1 16. Rhe1 Kf8 17. Bc3 a5 18. a4 Bc7 19. Nd2 (19. fxe5 $11 {remains equal.} Nxe5 20. Nxe5 Bxe5 21. Bxe5 Rxe5 22. Ng1) 19... Nb6 (19... Nc5 $17 20. Bxe5 Bxe5 21. fxe5 Nfd7 (21... Rxe5 22. g4 $15)) 20. b3 (20. Bxe5 $15 Bxe5 21. fxe5 Rxe5 22. Nf4 (22. Nf3 $2 Re7 $19)) 20... Bxh3 $17 21. fxe5 Bxe5 22. Bxe5 Rxe5 23. Nd4 Rae8 24. N2f3 R5e7 (24... Rh5 $19 25. Nd2 Rg5) 25. Nf5 $2 ({Only move:} 25. e5 $15 Ng4 26. Ng1) 25... Bxf5 $19 26. exf5 Nbd5 27. Rxe7 Rxe7 28. Kd2 (28. Nd2 $17) 28... Ng4 29. Re1 Nb4 30. Rxe7 (30. Re2 $142) 30... Kxe7 {[%emt 0:00:07][%mdl 4096] Endgame KBN-KNN. Black is a pawn up.} 31. c3 Nd5 32. Nd4 Nf2 33. Bc2 Kf6 34. Ke2 Ng4 (34... Nxc3+ $2 35. Kxf2 Ke5 36. Nf3+ Kd5 37. Ke3 $18) 35. c4 Nb4 36. Bb1 Ke5 (36... Na6 37. Nf3 $19) 37. Nf3+ Kd6 38. Nd2 Kc5 39. Ne4+ Kd4 40. Nd6 Kc3 41. Nxb7 Kxb3 42. Nxa5+ Kxa4 43. Nb7 {[%emt 0:00:06] [#]} Kb3 (43... Ne5 $142 $1 44. Ke3 Nxc4+ 45. Kd4 Kb5) 44. Nd6 (44. Kf3 $17 Ne5+ 45. Ke4 Nxc4 46. Kd4) 44... Ne5 45. Ne8 (45. Be4 {might work better.}) 45... g5 (45... Nxc4 $142 {Hoping for ...c5.} 46. Nxg7 Nd6) 46. fxg6 fxg6 47. Nd6 Kc3 48. Ke3 g5 49. Ke4 $2 (49. c5 $17) 49... Nxc4 50. Nxc4 Kxc4 {[%emt 0:00:09] KB-KN. Black is two pawns up.} 51. Kf5 Kd4 {[%emt 0:00:25] ( -> ...c5)} 52. Kg6 {[%emt 0:00:04] [#]} Ke5 $1 {[%emt 0:00:25] Black mates.} 53. Kxh6 Kf6 54. Kh5 c5 55. Kg4 c4 {[%emt 0:00:11] Weighted Error Value: White=0.65/Black=0.20 (precise)   Loses game:     	White=2     	---        Mistake:       	White=8     	Black=5      Inaccurate:     	White=4     	Black=3      OK:         	White=15    	Black=13     Best:        	White=2     	Black=7      Strong:       	---       	Black=1} 0-1

[Event "Silves Open 2025"]
[Site "Fissul"]
[Date "2025.03.03"]
[Round "2.9"]
[White "Sanz Wawer, Daniel"]
[Black "Adams, Philip"]
[Result "1-0"]
[Annotator "TA"]
[ECO "B38"]
[WhiteElo "2283"]
[BlackElo "1903"]
[PlyCount "112"]
[EventDate "2025.03.03"]
[EventType "swiss"]
[EventCountry "POR"]
[SourceTitle "playchess.com"]
[Source "ChessBase"]
[SourceQuality "1"]
[TimeControl "5400+30"]

1. e4 c5 2. Nf3 g6 3. d4 cxd4 4. Nxd4 Bg7 5. c4 Nc6 6. Be3 Nf6 7. Nc3 O-O 8. Be2 b6 9. O-O Bb7 10. f3 d6 11. Qd2 Nxd4 12. Bxd4 Nd7 13. Be3 {[%emt 0:00:34] White is more active.} a5 {[%emt 0:00:50] B38: Sicilian: Maroczy Bind with 5...Bg7 and 7...0-0.} 14. b3 Nc5 15. Rab1 Be5 $146 {[%emt 0:13:47] White is slightly better.} (15... Bc6 16. a3 Re8 17. Bd1 Nd7 18. b4 axb4 19. axb4 Ra3 20. Bb3 Qa8 {½-½ Perrin,R (2066)-Darmanto,H (2198) FIN jub55 Gr41 email 2017}) 16. a3 e6 17. Rf2 Bc6 18. b4 axb4 19. axb4 Na4 20. Nxa4 Rxa4 21. Rd1 Ra3 (21... Bb7 $14) 22. b5 $36 {[%emt 0:01:08][%mdl 2048] White is really pushing.} Ba8 23. Bd4 Qc7 24. Bxe5 dxe5 25. Qd6 Qc5 (25... Qxd6 $142 26. Rxd6 Rb8) 26. Qxc5 bxc5 27. Rd6 (27. Rd7 $142) 27... Re8 (27... Rc8 $16) 28. Rd7 $1 $18 Rc8 29. Rf1 Kf8 {[%emt 0:05:22] [#]} 30. Rfd1 $1 Ke8 {[%emt 0:00:21][%cal Oa8d5] [#]} 31. Kf2 (31. R1d6 $1 $18) 31... Bd5 $1 $14 32. Rd6 Bb7 33. g4 h6 34. h4 Raa8 35. g5 hxg5 36. hxg5 Rd8 37. Rxd8+ Rxd8 $16 {[%emt 0:00:03][%mdl 4096] Endgame KRB-KRB} 38. Rh1 Ke7 39. Ke3 Ra8 40. Bd3 Ra2 (40... Rb8 $16 {keeps fighting.}) 41. Rh8 $18 Ra8 42. Rh2 (42. Rxa8 $18 {White wants to mate with Ra7.} Bxa8 43. Bc2) 42... Ra1 43. f4 ({White should play} 43. Bc2 $16) 43... exf4+ 44. Kxf4 Ra3 45. Rd2 Ra1 46. e5 Ra3 47. Ke3 Ke8 ({Better is} 47... Ra1 $1 $11) 48. Rh2 $14 Ke7 49. Rh7 Bg2 {[%emt 0:00:29] ...Bf1 would now be deadly.} 50. Kd2 $1 Ra2+ $1 51. Kc3 {[%emt 0:00:14][%cal Oc3b3] Hoping for Kb3!.} Ra3+ 52. Kc2 Ra2+ $2 {[%emt 0:00:52][%mdl 8192] Loses the game.} (52... Ke8 $1 $14) 53. Kb3 $18 Rf2 54. Bxg6 (54. Rh2 $142) 54... Bf1 $2 {[%emt 0:00:03] [#]} (54... Ke8) 55. Bxf7 $1 Rxf7 (55... Bg2 56. Bg8+) 56. g6 Ke8 {[%emt 0:01:13] Weighted Error Value: White=0.21 (precise) /Black=0.57  Loses game:     	---       	Black=1      Mistake:       	White=5     	Black=6      Inaccurate:     	White=1     	Black=2      OK:         	White=16    	Black=13     Best:        	White=5     	Black=1      Strong:       	White=2     	Black=2} 1-0

[Event "Silves Open 2025"]
[Site "Fissul"]
[Date "2025.03.03"]
[Round "2.10"]
[White "Santos, Joao Artur Almeida"]
[Black "Degardin, Sylvain"]
[Result "0-1"]
[Annotator "TA"]
[ECO "C95"]
[WhiteElo "1950"]
[BlackElo "2309"]
[PlyCount "111"]
[EventDate "2025.03.03"]
[EventType "swiss"]
[EventCountry "POR"]
[SourceTitle "playchess.com"]
[Source "ChessBase"]
[SourceQuality "1"]
[TimeControl "5400+30"]

1. e4 e5 2. Nf3 Nc6 3. Bb5 a6 4. Ba4 Nf6 5. O-O Be7 6. Re1 b5 7. Bb3 d6 8. c3 O-O 9. h3 Nb8 10. d4 Nbd7 11. Nbd2 Bb7 12. a4 c5 13. Bc2 Qc7 14. d5 c4 15. Nf1 Nc5 16. Ng3 g6 17. Bh6 {[%emt 0:02:35] C95: Closed Ruy Lopez: Breyer Variation with 10 d4.} Rfb8 18. Qd2 Bc8 19. a5 {[%emt 0:12:37] The position is equal.} Nb7 $146 {[%emt 0:03:58] [#]} (19... Bd7 $11) ({Predecessor:} 19... Qd8 20. Nf5 Bf8 21. Bxf8 Qxf8 22. Qg5 Bxf5 23. Qxf6 Bd7 24. Nd2 Re8 25. f4 Qe7 26. fxe5 dxe5 {½-½ Negi,P (2641)-Korobov,A (2702) New Delhi AICF AAI Cup 2012 (5)}) 20. Nf5 {[%emt 0:02:38] Strong Square White (h6). White attacks} Bxf5 (20... Bd8 21. Ng3 Nxa5 22. Ng5 Ne8) 21. exf5 Nxa5 22. fxg6 hxg6 23. Qg5 Nh7 24. Qg3 Kh8 (24... Bf8 $1 $11 25. Bxg6 Bxh6 26. Bc2+ Bg7 (26... Kh8 $2 27. Qh4 $18)) 25. Ng5 (25. h4 $16) 25... Bxg5 $11 26. Bxg5 $40 {[%emt 0:00:09][%mdl 128] White attacks.} f5 (26... Nb3 $11 {remains equal.} 27. Bxb3 cxb3) 27. Qh4 {[%emt 0:04:48][%cal Oa1a5][%mdl 1024] White has strong compensation.} Nb3 28. Rad1 (28. Bxb3 $16 cxb3 29. f4) 28... Qf7 29. Be7 Rb6 30. Re3 (30. f4 $11 e4 31. Bxb3 cxb3 32. g4) 30... Re8 (30... Kg7 {looks sharper.} 31. Rg3 Nc5 32. Bd8 Rb7) 31. Bg5 Nc5 (31... Rb7 $1 $15) 32. g4 $2 (32. Rg3 $11 {and White is okay.}) 32... e4 $2 (32... f4 $19 33. Bxf4 exf4 34. Rxe8+ Qxe8 35. Bxg6 Qxg6 36. Qd8+ Kg7 37. Qxb6 Ng5 38. Qc7+ Nf7) 33. f3 $2 (33. gxf5 $16 {is forced if you want to stay better.} Qxf5 34. Rg3) 33... Rb7 $2 (33... f4 $17 {and life is bright.} 34. Rxe4 Nxe4 35. Bxe4 Kg8) 34. fxe4 (34. Rf1 $1 $16 {Hoping for fxe4.} Qxd5 35. Bf6+ Kg8 36. Bd4) 34... Nxe4 35. Bxe4 fxe4 36. Rd4 $2 (36. Ree1 $11 Kg8 37. Rf1) 36... Re5 $1 $19 37. Bd8 {[%emt 0:00:55] [#]} Qf4 (37... Rxd5 38. Rdxe4 Rd1+ 39. Re1 $16) (37... g5 $1 $19 38. Qf2 Qg6 (38... Rxd5 $2 39. Qxf7 Rxf7 40. Rxd5 $18)) 38. Qf2 Qxf2+ 39. Kxf2 Rd7 40. Bh4 Kg8 41. Bg3 Re8 (41... Rf7+ $6 42. Ke2 Re8 43. Rdxe4 (43. Rexe4 Rfe7 $14) 43... Rxe4 44. Rxe4 $16) 42. Rdxe4 Rxe4 43. Rxe4 $11 {[%emt 0:00:03][%mdl 4096] Endgame KRB-KRN} Nf6 {[%emt 0:00:43][%csl LRd5,LRe4] Wards off Re8+} 44. Rd4 g5 45. h4 gxh4 46. Bxh4 Kg7 47. Bxf6+ Kxf6 {[%emt 0:00:02] KR-KR} 48. Re4 Kg5 49. Kg3 Rb7 50. Re8 a5 51. Rg8+ Kf6 52. Kf4 b4 53. Rc8 ({White should play} 53. Ra8 $14) 53... a4 {[%emt 0:00:33] Threatens to win with ...a3.} 54. Rxc4 $2 {[%emt 0:00:44][%mdl 8192] [#]} (54. g5+ $11 Kg6 55. cxb4 (55. Rxc4 $2 {loses.} a3 $19)) 54... a3 $1 $19 55. Ke3 axb2 {[%emt 0:00:28] ( -> ...Re7+)} 56. Kd4 {[%emt 0:01:13] Weighted Error Value: White=0.70/Black=0.37  Loses game:     	White=3     	---        Missed win:     	---       	Black=2      Mistake:       	White=7     	Black=5      Inaccurate:     	White=2     	Black=4      OK:         	White=15    	Black=13     Best:        	---       	Black=2      Strong:       	---       	Black=1} 0-1

[Event "Silves Open 2025"]
[Site "Fissul"]
[Date "2025.03.03"]
[Round "2.11"]
[White "Goncalves, Samuel Jesus P"]
[Black "Dumont, Andre"]
[Result "1-0"]
[Annotator "TA"]
[ECO "E17"]
[WhiteElo "2280"]
[BlackElo "1891"]
[PlyCount "55"]
[EventDate "2025.03.03"]
[EventType "swiss"]
[EventCountry "POR"]
[SourceTitle "playchess.com"]
[Source "ChessBase"]
[SourceQuality "1"]
[TimeControl "5400+30"]

1. Nf3 Nf6 2. g3 e6 3. Bg2 Be7 4. O-O c5 5. c4 O-O 6. b3 d5 7. cxd5 exd5 8. d4 b6 9. Nc3 Bb7 10. Bb2 Na6 11. Rc1 Ne4 {[%emt 0:08:11] E17: Queen's Indian: 4 g3 Bb7 5 Bg2 Be7.} 12. dxc5 Naxc5 13. Nb5 Ne6 $146 {[%emt 0:08:12] The position is equal.} (13... a6 14. Nbd4 Bf6 15. b4 Ne6 16. Nxe6 fxe6 17. Bxf6 Qxf6 18. Qd4 Qxd4 19. Nxd4 e5 20. Bxe4 dxe4 {1-0 Burmakin,V (2526)-Schitco,I (2334) Staufer op-A 30th 2018 (7)}) 14. Nfd4 Nxd4 15. Bxd4 (15. Qxd4 $2 Bf6 16. Qe3 Bxb2 $19) 15... Bf6 16. Bxf6 Qxf6 17. Qd4 Qf5 (17... Qxd4 $14 18. Nxd4 Rfc8) 18. Rfd1 {[%emt 0:06:35] White has strong rooks and is better White is more active.} Rfd8 (18... h6 $16 19. Bxe4 Qxe4) 19. Rc7 Ba6 (19... Nc5 $16) 20. Nxa7 $18 Bxe2 {[%emt 0:01:02] [#]} 21. Nc6 $1 {[%emt 0:01:33] And now Ne7+ would win.} Re8 22. Re1 (22. Qxd5 $2 Qxf2+ 23. Kh1 Bxd1 24. Qxd1 Nc3 (24... Rxa2 $2 25. Qf1 $19) 25. Ne7+ Rxe7 26. Bxa8 g6 (26... Nxd1 27. Rc8+) (26... Re1+ $2 27. Qxe1 Qxe1+ 28. Kg2 $19) 27. Rxe7 Nxd1 $19) 22... Qh5 23. Ne7+ (23. Qxb6 $6 h6 24. Re7 Bf3 25. Rxe8+ Rxe8 $18) 23... Kf8 $2 (23... Kh8 {was worth a try.} 24. Nxd5 (24. Qxb6 Bf3 $16) 24... Bf3) 24. Qxd5 $2 (24. Nxd5 $18 {has better winning chances.} Ng5 25. Qb4+ (25. Nxb6 Rad8 $18) (25. Qxb6 h6 $18) 25... Kg8 26. Re7 (26. Nxb6 Qg4 $18) (26. Qxb6 Nf3+ 27. Bxf3 Qxf3 $18)) 24... Rxe7 $2 {[%emt 0:01:10] [#] A mistake that costs the game.} (24... Qxd5 $16 25. Nxd5 Ng5) 25. Qxa8+ {[%emt 0:00:09] White is clearly winning.} Re8 26. Rc8 Nd6 27. Rxe8+ Nxe8 28. Bc6 {[%emt 0:00:32] Weighted Error Value: White=0.32/Black=1.01  Loses game:     	---       	Black=2      Missed win:     	White=1     	---        Mistake:       	---       	Black=3      Inaccurate:     	---       	Black=2      OK:         	White=2     	Black=2      Best:        	White=2     	---} 1-0

[Event "Silves Open 2025"]
[Site "Fissul"]
[Date "2025.03.03"]
[Round "2.12"]
[White "Avelino, Camila Biscaya"]
[Black "Malassagne, Raphael"]
[Result "1/2-1/2"]
[Annotator "TA"]
[ECO "B13"]
[WhiteElo "1906"]
[BlackElo "2267"]
[PlyCount "132"]
[EventDate "2025.03.03"]
[EventType "swiss"]
[EventCountry "POR"]
[SourceTitle "playchess.com"]
[Source "ChessBase"]
[SourceQuality "1"]
[TimeControl "5400+30"]

1. e4 c6 2. d4 d5 3. exd5 cxd5 4. Bd3 Nc6 5. c3 Nf6 6. Bf4 g6 7. Nf3 Bf5 8. O-O {[%emt 0:05:25] B13: Caro-Kann: Exchange Variation and Panov-Botvinnik Attack.} Bxd3 {[%emt 0:00:54] 8...e6 deserves study.} 9. Qxd3 e6 10. Nbd2 Nh5 $146 (10... Bd6 11. Bh6 Ng4 12. Bg7 Rg8 13. Be5 Ngxe5 14. Nxe5 Nxe5 15. dxe5 Bxe5 16. Rfe1 Bf6 {0-1 Martin Carmona,G (2326)-Tabatabaei,M (2639) Titled Tuesday intern op 30th Nov blitz 2021 (1)}) 11. Be5 f6 12. Bg3 Nxg3 13. hxg3 Qd6 (13... Kf7 {is interesting.} 14. Rae1 Bh6 15. g4 Re8) 14. c4 Bg7 15. Rfe1 O-O 16. Rac1 Rad8 17. Nb3 Bh6 18. Rcd1 Rf7 19. cxd5 Qxd5 20. Qe4 Qxe4 21. Rxe4 {[%emt 0:00:04] [#]} e5 $1 22. Rde1 f5 (22... Nxd4 {simplifies} 23. Nbxd4 exd4 24. Rxd4 Rxd4 25. Nxd4 Rd7) 23. Rh4 e4 24. Rxh6 exf3 25. gxf3 Nxd4 26. Nxd4 Rxd4 27. Rh4 Rxh4 28. gxh4 $11 {[%emt 0:00:03][%mdl 4096] Endgame KR-KR} Kg7 29. Kg2 Kh6 30. Kg3 Kh5 31. f4 Rd7 32. Re2 h6 33. f3 b6 34. b3 Rd6 35. Re7 a5 36. Rb7 Rd2 37. a3 Rd6 38. Rb8 Rc6 39. Rb7 g5 40. fxg5 hxg5 41. hxg5 Kxg5 42. Rg7+ Kf6 43. Rd7 Ke5 44. Rd3 (44. Re7+ $11 Kf6 45. Rb7) 44... f4+ 45. Kh4 Rg6 (45... b5 $1 $15) 46. a4 {[%emt 0:00:30] The position is equal.} Rg3 47. Kh5 Rg1 48. Kh4 $1 Re1 {[%emt 0:00:35] [#] ...Re3 is the strong threat.} 49. Kg4 Re3 50. Rd8 Rxb3 51. Re8+ Kd4 52. Kxf4 Rb4 53. Re4+ Kc3 54. Ke5 b5 ({Wrong is} 54... Kb3 $2 55. f4 $18) 55. axb5 Rxb5+ 56. Kd6 Kb3 57. Kc6 Rf5 58. Re3+ Kc4 59. Re4+ Kc3 60. Re3+ Kd4 61. Re4+ Kd3 62. Ra4 Rxf3 63. Ra3+ Ke2 64. Rxf3 Kxf3 65. Kb5 Kf4 66. Kxa5 Ke4 {[%emt 0:04:01] Weighted Error Value: White=0.07 (flawless) /Black=0.05 (flawless)   Mistake:       	White=1     	Black=1      Inaccurate:     	White=3     	Black=4      OK:         	White=26    	Black=21     Best:        	White=2     	---        Strong:       	White=1     	---} 1/2-1/2

[Event "Silves Open 2025"]
[Site "Fissul"]
[Date "2025.03.03"]
[Round "2.13"]
[White "Vasques, Antonio Pedro Freixi"]
[Black "Silva, Ana Ines Teixeira Da"]
[Result "1-0"]
[Annotator "TA"]
[ECO "C55"]
[WhiteElo "2246"]
[BlackElo "1901"]
[PlyCount "71"]
[EventDate "2025.03.03"]
[EventType "swiss"]
[EventCountry "POR"]
[SourceTitle "playchess.com"]
[Source "ChessBase"]
[SourceQuality "1"]
[TimeControl "5400+30"]

1. e4 e5 2. Nf3 Nc6 3. Bc4 Nf6 4. d3 h6 5. O-O d6 6. c3 g6 {[%emt 0:00:30] 6...g5 gains popularity.} 7. a4 {[%emt 0:00:30][%cal Ba2a4,Ba4a5][%mdl 32] C55: Two Knights: 4 d3, 4 d4 exd4 5 e5 and Max Lange Attack.} Bg7 8. a5 a6 9. b4 ({White should try} 9. h3 $14) 9... O-O 10. Qb3 Qe7 11. Re1 Kh7 $146 (11... Kh8 12. Nbd2 Nh5 13. Nf1 f5 14. Ne3 f4 15. Nd5 Qd8 16. d4 g5 17. dxe5 g4 {0-1 Choisy,M (2158)-Guichard,P (2303) FRA-chT Top 12 2018 (3)}) 12. Nbd2 Nh5 13. Nf1 f5 14. exf5 Bxf5 15. Ne3 (15. Be3 {is more complex.} g5 16. h3 Bxh3 17. Nxg5+ hxg5 18. Qd1) 15... Nf4 (15... Bd7 $11 {keeps the balance.}) 16. Nxf5 $16 Rxf5 17. Bxf4 Rxf4 18. Bd5 Raf8 19. Re3 Nd8 20. g3 {[%emt 0:00:30] Black is weak on the light squares} R4f6 {[%emt 0:00:30] ...c6 is the strong threat.} 21. d4 {[%emt 0:00:30][%cal Rd4e5] White is more active.} c6 22. dxe5 dxe5 {[%emt 0:00:30] [#]} 23. Nxe5 (23. Rxe5 $2 Qc7 24. Re3 cxd5 25. Qxd5 Rc6 $19) ({Only move:} 23. Be4 $1 $16) 23... Rxf2 $1 $11 (23... cxd5 $6 24. Nxg6 Qf7 25. Nxf8+ Bxf8 26. Qc2+ Kg8 27. Qe2 $14) 24. Rae1 $36 {[%emt 0:00:30][%mdl 2048] White fights for an advantage.} cxd5 25. Nf3 {[%emt 0:00:30] Against Qg5} Qd6 (25... Qxe3 $11 26. Rxe3 R8xf3 (26... R2xf3 27. Rxf3 Rxf3 28. Qxd5 $11) 27. Rxf3 Rxf3 28. Qxd5 Rf8) 26. Kxf2 $18 d4 {[%emt 0:00:30] [#]} 27. Rd3 Nc6 28. Kg2 Qf6 (28... Rxf3 {might work better.} 29. Rxf3 (29. Kxf3 Ne5+ 30. Rxe5 Qf6+ 31. Kg2 Qxe5 $16) 29... dxc3) 29. cxd4 {[%emt 0:00:30] White is clearly winning.} (29. Nxd4 $2 {perishes.} Qf2+ 30. Kh3 Qxe1 $19) 29... Qf5 30. Rd2 Nxd4 (30... Qb5 $142 31. Ne5 Nxa5) 31. Nxd4 Bxd4 32. Qd3 Qd5+ 33. Qe4 Qxe4+ 34. Rxe4 Bg7 35. Rd7 {[%emt 0:00:30][%cal Oe4e7] aiming for Ree7!.} Kg8 36. Re6 {[%emt 0:00:30] Weighted Error Value: White=0.14 (very precise) /Black=0.75  Loses game:     	---       	Black=1      Mistake:       	White=2     	Black=3      Inaccurate:     	---       	Black=2      OK:         	White=8     	Black=8      Best:        	White=6     	Black=1      Strong:       	---       	Black=1} 1-0

[Event "Silves Open 2025"]
[Site "Fissul"]
[Date "2025.03.03"]
[Round "2.14"]
[White "Peixoto, Helio Ricardo Soutin"]
[Black "Rasti, Arvin"]
[Result "0-1"]
[Annotator "TA"]
[ECO "B10"]
[WhiteElo "1918"]
[BlackElo "2232"]
[PlyCount "50"]
[EventDate "2025.03.03"]
[EventType "swiss"]
[EventCountry "POR"]
[SourceTitle "playchess.com"]
[Source "ChessBase"]
[SourceQuality "1"]
[TimeControl "5400+30"]

1. e4 c6 2. d3 d5 3. Nd2 e5 4. Ngf3 Bd6 5. g3 Nf6 6. Bg2 O-O 7. O-O Re8 8. Re1 Nbd7 9. Nh4 {[%emt 0:06:22] B10: Caro-Kann: 2 d3 and 2 c4.} Nc5 10. Nf1 Bg4 11. f3 {[%emt 0:00:49] Black is slightly better.} Bh5 $146 (11... Be6 12. Ne3 g6 13. Qe2 Qb6 14. Kh1 Rad8 15. Qf1 Be7 {½-½ Pape,M (2205)-Wimmer,H (2211) GER-chT Seniors 16th 2007 (7.3)}) 12. g4 Bg6 {[%emt 0:00:32] Black is more active.} 13. Nf5 Bf8 14. N1g3 Ne6 15. h4 ({White should play} 15. exd5 $15 Nxd5 16. Rxe5) 15... h5 (15... Bxf5 $17 16. exf5 Qb6+ 17. Kf1 Nf4 18. Bxf4 exf4) 16. Bg5 $2 {[%emt 0:09:23] [#] This costs White the game.} (16. g5 $1 $15) 16... Nxg5 $19 17. hxg5 Nh7 18. gxh5 (18. d4 {was necessary.}) 18... Bxf5 19. Nxf5 Qxg5 20. f4 (20. Qc1 $142) 20... exf4 ({Don't play} 20... Qxf4 21. Qf3 $19) 21. Kf2 $2 {[%emt 0:03:41] [#]} (21. Qf3) 21... Nf6 {[%emt 0:01:53] Black is clearly winning.} 22. Bf3 dxe4 23. dxe4 Bc5+ 24. Nd4 {[%emt 0:01:40] White is weak on the dark squares} Qg3+ 25. Ke2 Nxe4 {[%emt 0:00:09] Weighted Error Value: White=2.01/Black=0.34  Mistake:       	White=5     	Black=1      Inaccurate:     	White=2     	Black=2      OK:         	White=1     	Black=4      Best:        	---       	Black=1} 0-1